AoeStats
← Chatrán

Arena

509451456Analyzed
1v1 RM · 4d ago on Sep 26, 2026· 36m 46s· 2 players
Game mode
Random Map
Map size
Tiny (2 player)
Population
200
Speed
Normal
Resources
Standard
Victory
Conquest
Starting age
Dark Age
Ending age
Imperial Age
RankedLock teamsTeams togetherTeam positionsShared explorationLock speedFull tech treeHidden civsTurbo modeCheats
Victory
Defeat
🇦🇷 Portuguese · Argentina
965
+15
🇳🇱 Gurjaras · Netherlands
952
-44
StephTheDonut
10:47 Feudal Age
11:39 Double-Bit Axe
12:32 Wheelbarrow
11:43 Horse Collar
14:44 Gold Mining
19:36 Castle Age
18:01 Town Watch
20:26 Padded Archer Armor
20:16 Fletching
20:31 Padded Archer Armor
22:15 Bodkin Arrow
24:38 Leather Archer Armor
24:29 Scale Barding Armor
24:43 Bloodlines
30:03 Fortified Wall
29:50 Murder Holes
30:17 Ballistics
30:13 Masonry
33:00 Redemption
32:48 Elite Skirmisher
33:34 Thumb Ring
Chatrán
10:32 Feudal Age
14:55 Castle Age
13:44 Double-Bit Axe
13:54 Loom
13:59 Horse Collar
20:56 Wheelbarrow
21:29 Town Watch
21:49 Fletching
23:23 Bow Saw
23:52 Gold Mining
26:56 Pikeman
27:44 Scale Mail Armor
27:55 Forging
29:32 Stone Mining
31:00 Heavy Plow
32:22 Hand Cart
32:44 Arson
34:22 Iron Casting
34:11 Chain Mail Armor
34:07 Bodkin Arrow
Connection lost

Rejoining the realm…

Still unreachable

The connection could not be restored.

Session expired

The server has moved on; the page needs a fresh start.